Map: Ever Dream LE

Players

antagomiR - Winner!

  • Race: Protoss Protoss
  • League: Gold
  • Spawn Location: 7:00

Assasin

  • Race: Terran Terran
  • League: Gold
  • Spawn Location: 1:00

VOD

Have the link to the VOD?

Description

Time

  • Played on: April 18, 2020, 8:06 p.m.
  • Length: 18:38
Show
View Real Time Build Order
Export as new Build Order

antagomiR Protoss - Winner!

Build Orders:  

Get SALT Encoding   

  12  0:01  Probe  
  13  0:13  Probe  
  14  0:19  Pylon  
  14  0:27  Probe  
  15  0:39  Gateway  
  15  0:41  Probe (Chrono Boost)  
  16  0:51  Probe (Chrono Boost)  
  16  0:55  Assimilator  
  16  0:56  Probe (Chrono Boost)  
  18  1:06  Assimilator  
  18  1:07  Probe  
  19  1:19  Probe  
  20  1:32  Probe, Cybernetics Core  
  21  1:39  Pylon  
  21  1:44  Probe  
  22  1:56  Probe  
  23  2:07  Warp Gate (Chrono Boost)  
  23  2:10  Robotics Facility  
  23  2:12  Probe  
  24  2:22  Adept (Chrono Boost)  
  24  2:24  Probe  
  27  2:36  Nexus  
  27  2:42  Pylon  
  26  2:56  Probe  
  26  3:02  Observer  
  27  3:10  Gateway  
  27  3:11  Gateway  
  27  3:16  Probe (Chrono Boost)  
  28  3:23  Observer  
  28  3:26  Probe (Chrono Boost)  
  30  3:31  Probe (Chrono Boost)  
  30  3:43  Probe  
  30  3:48  Probe  
  33  3:55  Probe  
  33  3:56  Stalker  
  33  3:58  Pylon  
  33  4:00  Probe  
  33  4:02  Pylon  
  36  4:07  Probe  
  37  4:12  Probe  
  37  4:15  Immortal  
  42  4:19  Probe  
  43  4:30  Sentry x3  
  49  4:38  Probe x2  
  51  4:50  Probe  
  52  4:53  Probe  
  52  4:55  Assimilator  
  52  4:56  Observer  
  52  4:57  Assimilator  
  53  5:02  Probe  
  53  5:03  Stalker  
  53  5:05  Probe  
  53  5:06  Phoenix  
  57  5:14  Probe  
  57  5:17  Probe, Pylon  
  57  5:18  Immortal  
  63  5:26  Probe  
  63  5:27  Stalker x2  
  68  5:29  Probe  
  69  5:38  Probe  
  69  5:41  Probe  
  71  5:51  Probe  
  71  5:53  Probe, Nexus  
  71  5:54  Pylon  
  73  5:58  Gateway  
  73  6:00  Forge  
  73  6:03  Probe  
  74  6:09  Shield Battery  
  74  6:10  Shield Battery  
  74  6:13  Stalker  
  76  6:25  Stalker x2  
  80  6:29  Probe x2  
  82  6:39  Protoss Ground Weapons Level 1 (Chrono Boost), Stalker  
  84  6:41  Probe  
  84  6:42  Probe  
  86  6:48  Gateway  
  86  6:50  Gateway  
  86  6:59  Probe  
  79  7:10  Immortal  
  83  7:24  Photon Cannon  
  83  7:29  Photon Cannon  
  83  7:32  Photon Cannon x2  
  83  7:33  Probe x2  
  83  7:35  Pylon  
  83  7:36  Probe  
  86  7:44  Photon Cannon  
  86  7:45  Probe x2  
  86  7:47  Photon Cannon  
  88  7:51  Pylon  
  88  7:52  Observer  
  88  7:53  Gateway  
  88  7:55  Robotics Bay  
  88  7:58  Stalker  
  90  8:14  Probe x2  
  90  8:15  Probe  
  93  8:20  Assimilator  
  93  8:23  Photon Cannon  
  93  8:25  Assimilator  
  93  8:26  Probe x2  
  95  8:27  Probe  
  95  8:33  Immortal  
  99  8:53  Robotics Facility  
  99  8:57  Probe  
  99  8:58  Probe x2  
  102  9:10  Probe x3  
  102  9:11  Shield Battery  
  102  9:13  Observer  
  102  9:15  Zealot x3  
  102  9:16  Zealot x2  
  116  9:27  Extended Thermal Lance  
  116  9:43  Pylon  
  116  9:44  Pylon  
  116  9:46  Pylon  
  116  9:47  Pylon x2  
  116  10:00  Colossus  
  116  10:02  Colossus  
  128  10:09  Sentry x2  
  128  10:10  Sentry, Zealot x2  
  128  10:11  Zealot x2  
  142  10:18  Twilight Council  
  142  10:53  Pylon  
  142  10:54  Charge, Colossus  
  142  10:55  Pylon, Colossus  
  154  11:26  Zealot x2  
  154  11:27  Zealot x5  
  168  11:47  Gateway  
  168  11:48  Gateway  
  168  11:55  Gateway  
  168  11:57  Nexus  
  168  11:58  Gateway  
  168  12:08  Colossus (Chrono Boost)  
  160  12:27  Pylon, Colossus (Chrono Boost)  
  160  12:29  Pylon  
  166  12:45  Zealot x2  
  166  12:46  Zealot x4  
  166  12:47  Zealot x3  
  184  12:58  Pylon  
  184  13:03  Protoss Ground Weapons Level 2  
  184  13:08  Colossus (Chrono Boost)  
  184  13:09  Pylon  
  184  13:12  Pylon  
  190  13:13  Colossus (Chrono Boost)  
  190  13:14  Pylon  
  190  13:19  Unknown  
  192  13:54  Colossus  
  196  14:04  Warp Prism  
  168  14:26  Zealot x3  
  168  14:27  Zealot x5  
  168  14:28  Zealot x2  
  155  15:23  Gateway  
  155  15:27  Gateway  
  155  15:31  Gateway  
  155  15:36  Photon Cannon  
  155  15:37  Pylon  
  155  15:40  Pylon  
  129  16:54  Gateway  
  129  16:58  Gateway  
  129  16:59  Gateway  
  129  17:02  Cybernetics Core  
  129  17:13  Nexus  
  129  17:25  Pylon  
  129  17:27  Pylon  
  129  17:35  Pylon  
  129  17:40  Pylon  
  129  17:41  Pylon  
  129  17:42  Pylon  
  129  17:44  Pylon  
  129  18:16  Nexus  
  129  18:19  Photon Cannon  
  129  18:22  Photon Cannon  
  129  18:24  Photon Cannon  
Show
View Real Time Build Order
Export as new Build Order

Assasin Terran 

Build Orders:  

Get SALT Encoding   

  12  0:01  SCV  
  13  0:13  SCV  
  14  0:24  Supply Depot  
  14  0:28  Refinery  
  14  0:29  SCV  
  15  0:48  Barracks  
  15  0:51  SCV  
  16  1:03  SCV  
  17  1:15  SCV  
  18  1:27  SCV  
  19  1:36  Reaper  
  19  1:39  SCV, Barracks  
  21  1:47  Command Center  
  21  1:55  Orbital Command  
  21  2:08  Marine  
  22  2:30  Barracks  
  22  2:38  Barracks Reactor  
  22  2:40  SCV  
  23  2:48  Supply Depot  
  22  3:05  Orbital Command  
  23  3:12  SCV  
  23  3:18  Marine  
  24  3:21  Barracks Tech Lab  
  24  3:25  Barracks  
  24  3:27  SCV  
  25  3:35  Marine x2  
  27  3:48  SCV  
  28  3:50  SCV  
  28  3:52  Marine  
  28  3:53  Marine  
  31  4:00  SCV  
  31  4:02  SCV  
  33  4:03  Marauder  
  33  4:04  Stimpack  
  33  4:08  Supply Depot  
  35  4:10  Marine  
  35  4:11  Marine, Refinery  
  35  4:12  SCV  
  35  4:14  Barracks Reactor  
  39  4:24  SCV, Marauder  
  39  4:28  Marine  
  39  4:29  Marine  
  43  4:34  Bunker  
  43  4:37  Factory  
  43  4:39  Engineering Bay  
  43  4:44  Supply Depot  
  43  4:45  Marine  
  43  4:46  Marine  
  43  4:47  Marine  
  46  4:58  Marine x2  
  48  5:00  SCV  
  48  5:03  Marine  
  48  5:04  Marine x2  
  52  5:12  SCV  
  53  5:16  Marine x2  
  53  5:21  Marine  
  55  5:22  Marine x2  
  55  5:23  Factory Tech Lab  
  55  5:25  SCV  
  55  5:28  Starport, Terran Infantry Weapons Level 1  
  59  5:31  Missile Turret  
  59  5:38  Missile Turret  
  59  5:39  SCV, Missile Turret, Marauder  
  62  5:57  Supply Depot  
  62  5:58  Supply Depot  
  62  6:01  Supply Depot  
  62  6:02  Supply Depot  
  62  6:16  Starport Reactor  
  62  6:19  SCV x2, Marauder, Siege Tank  
  62  6:25  Supply Depot  
  69  6:27  Supply Depot  
  69  6:31  SCV x2  
  71  6:43  SCV  
  71  6:45  Marine x3, Marauder  
  77  6:51  Siege Tank  
  80  6:55  SCV  
  80  7:00  Refinery  
  74  7:07  SCV, Marauder  
  61  7:16  Marine x3  
  61  7:19  SCV  
  65  7:28  Marauder  
  67  7:30  Marine  
  67  7:31  SCV, Refinery  
  67  7:34  Marine x2  
  71  7:40  Medivac x2  
  71  7:43  SCV  
  76  7:47  Barracks  
  76  7:48  Barracks  
  76  7:49  Marauder  
  78  8:04  SCV  
  79  8:07  SCV  
  79  8:09  Marine x4  
  79  8:10  Marine  
  85  8:13  Medivac x2  
  85  8:16  SCV  
  85  8:19  SCV  
  91  8:24  Sensor Tower  
  91  8:27  Marine x2  
  91  8:28  SCV  
  94  8:35  Marine x3  
  94  8:39  Sensor Tower  
  97  8:41  Barracks Reactor  
  97  8:44  Marine, Barracks Reactor  
  97  8:45  Marine  
  99  8:53  Marine x3  
  102  8:59  Siege Tank  
  102  9:02  Marine  
  105  9:03  Marine  
  105  9:09  Supply Depot  
  107  9:10  Supply Depot x2  
  107  9:11  Marine x3, Supply Depot  
  107  9:14  Terran Infantry Armor Level 1  
  110  9:30  Viking  
  112  9:31  Marine, Marauder  
  112  9:36  Command Center  
  112  9:38  Combat Shield  
  115  10:05  Siege Tank  
  115  10:06  Marine x2, Marauder  
  122  10:17  Marine x4  
  126  10:25  Armory  
  126  10:28  Marauder  
  128  10:32  Viking x2  
  132  10:38  Factory  
  132  10:49  Marauder  
  134  11:02  Viking x2  
  138  11:05  Marine x4  
  138  11:06  Siege Tank  
  138  11:10  Marauder  
  147  11:16  Engineering Bay  
  147  11:19  Terran Vehicle Weapons Level 1  
  147  11:28  Factory Tech Lab  
  147  11:29  Marine x7, Starport  
  154  11:34  SCV  
  155  11:46  SCV  
  156  11:58  SCV  
  143  12:24  Starport Tech Lab  
  143  12:36  Supply Depot  
  143  12:39  Supply Depot  
  143  12:40  Supply Depot  
  143  12:42  Supply Depot  
  143  12:55  Command Center  
  143  12:57  Marine x3, Siege Tank  
  149  13:01  Viking x2, Siege Tank  
  156  13:12  Marine  
  156  13:13  Marine x5  
  162  13:29  Siege Tank  
  162  13:31  Viking  
  162  13:33  Siege Tank  
  155  14:01  Siege Tank  
  145  14:05  Siege Tank  
  111  14:33  Siege Tank  
  13  17:02  SCV  
  14  17:09  Starport Reactor  
  14  17:14  SCV  
  15  17:32  Supply Depot  
  15  17:54  SCV  
  6  18:06  SCV  
  7  18:18  SCV  
  8  18:24  Barracks x2  
  8  18:27  Engineering Bay  
Tags
 
League
GoldGold
Matchup
PvT
Replay Pack
20200422
Spawn Locations
Cross Positions
Add a new tag
Caveats
  • Supply blocks, unpowered buildings, or Contaminate may cause inaccurate times.
  • Supply counts are checked every 10 seconds.